 Dungeon Crawl Stone Soup version 0.17-a0-1202-g2dd280d (webtiles) character file.

527 Geomchi the Insei (level 7, -25/52 HPs)
             Began as a Merfolk Transmuter on June 3, 2015.
             Was an Initiate of Okawaru.
             Killed from afar by Geomchi's ghost (27 damage)
             ... with a bolt of negative energy
             ... on level 5 of the Dungeon.
             The game lasted 00:07:45 (5398 turns).

Geomchi the Insei (Merfolk Transmuter)              Turns: 5398, Time: 00:07:45

Health: -25/52     AC:  2    Str: 11    XL:     7   Next: 23%
Magic:  9/12       EV: 20    Int: 13    God:    Okawaru [......]
Gold:   41         SH:  0    Dex: 20    Spells: 2 memorised, 8 levels left

rFire  . . .     SeeInvis .       - Unarmed
rCold  . . .     Clarity  .     (armour currently unavailable)
rNeg   . . .     SustAt   .     (shield currently unavailable)
rPois  x         Gourm    .     (helmet currently unavailable)
rElec  .         Spirit   .     (cloak currently unavailable)
rCorr  .         Warding  .     (gloves currently unavailable)
rMut   .         Stasis   .     (boots currently unavailable)
MR     .....                    (no amulet)
Stlth  ++........               (no ring)
                                (no ring)

@: spider-form (expiring), very slightly contaminated, heavily drained, not
resistant to hostile enchantments, unstealthy
A: (change form in water), (swift swim)
a: End Transformation, Renounce Religion


You were on level 5 of the Dungeon.
You worshipped Okawaru.
Okawaru was noncommittal.
You were hungry.
You were a venomous arachnid creature.
You visited 1 branch of the dungeon, and saw 5 of its levels.

You collected 223 gold pieces.
You spent 182 gold pieces at shops.

Inventory:

Missiles
 a - 12 arrows
 u - 15 arrows of frost
Armour
 b - a +0 robe (melded)
 i - a +0 pair of gloves (melded)
Rods
 x - a +1 rod of clouds (10/10)
   (You found it on level 4 of the Dungeon)
Jewellery
 j - an uncursed amulet of clarity {unknown}
Magical devices
 w - a wand of confusion (12)
Scrolls
 f - 4 scrolls of identify
 l - a scroll of noise {unknown}
 m - a scroll of random uselessness {unknown}
 n - a scroll of immolation {unknown}
 q - 4 scrolls of enchant weapon
 s - 5 scrolls of teleportation
 t - a scroll of magic mapping {unknown}
 y - a scroll of enchant armour {unknown}
 A - a scroll of brand weapon {unknown}
Potions
 e - a potion of resistance {unknown}
 g - 6 potions of curing
 h - a potion of agility {unknown}
 k - a potion of beneficial mutation {unknown}
 p - a potion of invisibility
 r - a potion of ambrosia {unknown}
 v - a potion of lignification {unknown}
 z - a potion of haste
Books
 c - a book of Changes

   Spells                             Type                      Level
   a - Beastly Appendage              Transmutation                1
   b - Sticks to Snakes               Transmutation                2
   c - Spider Form                    Transmutation/Poison         3
   d - Ice Form                       Ice/Transmutation            4
   e - Blade Hands                    Transmutation                5
Comestibles
 d - 4 bread rations {@e1}
 o - 2 meat rations {@e2}


   Skills:
 - Level 3.1(1.4) Fighting
 - Level 4.0(2.3) Dodging
 + Level 6.5(4.6) Unarmed Combat
 + Level 3.3(1.7) Spellcasting
 - Level 4.0(2.3) Transmutations


You had 8 spell levels left.
You knew the following spells:

 Your Spells              Type           Power        Failure   Level  Hunger
a - Beastly Appendage     Trmt           #.....       28%         1    ##.....
b - Spider Form           Trmt/Pois      #.........   73%         3    ####...


Dungeon Overview and Level Annotations

Branches:
Dungeon (5/15)
 Temple: D:4-7

Altars:
Gozag
Kikubaaqudgha
Nemelex Xobeh
Okawaru
Qazlal

Shops:
D:4 !(*}

Annotations:
D:5 Geomchi's ghost, experienced DrTm


Message History

You take 23 damage, and have 25/52 hp.
MASSIVE DAMAGE!!
You now have 7/12 mp.
You hit the giant cockroach.
The giant cockroach is poisoned.
You kill the giant cockroach!
That felt strangely unrewarding.
You miss Geomchi's ghost. Geomchi's ghost barely misses you.
You miss Geomchi's ghost. Geomchi's ghost misses you.
You barely miss Geomchi's ghost. Geomchi's ghost hits you.
You take 6 damage, and have 19/52 hp.
You bite Geomchi's ghost! Geomchi's ghost barely misses you.
You barely miss Geomchi's ghost. Geomchi's ghost misses you.
You miss Geomchi's ghost.
Geomchi's ghost breathes negative energy at you.
The bolt of negative energy hits you!
You feel drained.
* * * LOW HITPOINT WARNING * * *
You take 18 damage, and have 1/52 hp.
MASSIVE DAMAGE!!
Your transformation is almost over.
Geomchi's ghost breathes negative energy at you.
The bolt of negative energy hits you!
You feel drained.
Ouch! That really hurt!
You die...

... ##......#######..##
... #.$......†........#
.....!......#####.......##
........#.### #..).....#
..........## #........#
##......... #........#
##.##..#...#### #W.......#
...#..........###........#
..........#.....s.......##
................#.......#
............(.#.##..#####
..........###)...#....>##
..........#
##......##..#####
..........#
##.##..###.....#
..........#
#........####.###
#........##
########........##
..........# #######..>#


You could see Geomchi's ghost.

Vanquished Creatures
  An ice beast (D:5)
  A phantom (D:5)
  A giant frog skeleton (D:5)
  Jessica (D:3)
  Terence (D:2)
  An iguana (D:4)
  An orc wizard (D:4)
  2 worker ant zombies (D:5)
  3 gnolls (D:3)
  5 adders
  A shadow imp (D:5)
  An adder zombie (D:5)
  An adder skeleton (D:5)
  2 worms (D:2)
  3 giant geckos
  7 orcs
  9 bats
  6 giant cockroaches
  13 goblins
  6 hobgoblins
  A quokka (D:2)
  A giant gecko zombie (D:5)
  6 giant newts
  8 jackals
  12 kobolds
  9 rats
103 creatures vanquished.

Vanquished Creatures (others)
  A giant cockroach (D:5)
1 creature vanquished.

Grand Total: 104 creatures vanquished

Notes
Turn   | Place    | Note
--------------------------------------------------------------
     0 | D:1      | Geomchi the Merfolk Transmuter began the quest for the Orb.
     0 | D:1      | Reached XP level 1. HP: 15/15 MP: 3/3
   108 | D:1      | Reached XP level 2. HP: 15/21 MP: 5/5
   962 | D:1      | Reached skill level 4 in Unarmed Combat
  1154 | D:1      | Reached XP level 3. HP: 18/26 MP: 4/6
  1595 | D:2      | Learned a level 3 spell: Spider Form
  2055 | D:2      | Noticed Terence
  2062 | D:2      | Killed Terence
  2062 | D:2      | Reached XP level 4. HP: 22/33 MP: 3/7
  2802 | D:3      | Found a sparkling altar of Nemelex Xobeh.
  2944 | D:3      | Noticed Jessica
  2960 | D:3      | Killed Jessica
  2960 | D:3      | Reached XP level 5. HP: 39/41 MP: 2/8
  3148 | D:3      | Reached skill level 5 in Unarmed Combat
  3346 | D:3      | Found an iron altar of Okawaru.
  3366 | D:3      | Became a worshipper of Warmaster Okawaru
  3567 | D:4      | Found Ulin's Weapon Shop.
  3580 | D:4      | Found an opulent altar of Gozag.
  3608 | D:4      | Found Ubbor Omn's General Store.
  3809 | D:4      | Found Vuon's Antique Weapon Shoppe.
  3853 | D:4      | Found an ancient bone altar of Kikubaaqudgha.
  3854 | D:4      | Found a stormy altar of Qazlal.
  3865 | D:4      | Reached XP level 6. HP: 22/47 MP: 7/9
  4078 | D:4      | Found Dijuhem's Gadget Boutique.
  4252 | D:4      | Found Beuprirgh's Distillery.
  4256 | D:4      | Bought a potion of curing for 42 gold pieces
  4256 | D:4      | Bought a potion of haste for 140 gold pieces
  4590 | D:5      | Entered Level 5 of the Dungeon
  4918 | D:5      | Reached skill level 6 in Unarmed Combat
  4918 | D:5      | Reached XP level 7. HP: 23/52 MP: 7/11
  5372 | D:5      | Noticed Geomchi's ghost (experienced DrTm)
  5390 | D:5      | HP: 1/52 [Geomchi's ghost/bolt of negative energy (19)]
  5398 | D:5      | Killed from afar by Geomchi's ghost

Vault maps used:
D:1:      kilobyte_arrival_exit_the_forest
D:2:      uniq_terence
D:3:      nemelex_xobeh_ov_fountains_minmay, overflow_temple_1_default,
          first_bread, uniq_jessica
D:4:      kennysheep_mini, grunt_temple_overflow_open, serial_shops, shop,
          nicolae_shop_competitors_out_of_business, shop, shop,
          nicolae_shop_temple_entry_statues_fountains
D:5:      ashenzari_altar_1, nicolae_qazlal_general_emergency

Action                   |  1- 3 |  4- 6 |  7- 9 || total
-------------------------+-------+-------+-------++-------
Melee: Unarmed           |   123 |   197 |    43 ||   363
 Cast: Beastly Appendage |    17 |    29 |     5 ||    51
       Spider Form       |     1 |     6 |     2 ||     9
  Use: Potion            |     1 |       |       ||     1
       Scroll            |       |     3 |       ||     3
 Stab: Sleeping          |     1 |     1 |       ||     2
  Eat: Chunk             |     3 |    11 |     1 ||    15
       Pizza             |       |       |     1 ||     1
